BLB
WILMINGTON WILDCATS @ CAROLINA TOBS
04/18/2060
 
TOP OF THE 1ST
Dallas Drillers batting - Pitching for Carolina Tobs : LHP Chase Vaughan
Pitching: LHP Chase Vaughan
Batting: RHB Maurice Johnson 0-0: Ball
1-0: Foul Ball, location: 2F
1-1: Ball
2-1: Ball
3-1: Ground out 5-3 (Groundball, 56, EV 87.5 MPH)
Batting: RHB Aubrey Albano 0-0: Foul Ball, location: 2F
0-1: Ball
1-1: Ball
2-1: Ball
3-1: Foul Ball, location: 2F
3-2: Foul Ball, location: 2F
3-2: Base on Balls
Batting: RHB Ja'Quan McLaren 0-0: Called Strike
0-1: Called Strike
Aubrey Albano steals 2nd base
0-2: Strikes out swinging
Batting: RHB Julian Irwin 0-0: Ball
1-0: Foul Ball, location: 2F
1-1: Ball
2-1: Foul Ball, location: 2F
2-2: Ball
3-2: Foul Ball, location: 2F
3-2: Fly out, F8 (Flyball, 78S, EV 83.1 MPH)
Top of the 1st over - 0 runs, 0 hits, 0 errors, 1 left on base; Dallas 0 - Carolina 0
BOTTOM OF THE 1ST
Carolina Tobs batting - Pitching for Dallas Drillers : LHP Brendan Allison
Pitching: LHP Brendan Allison
Batting: LHB Spencer DeSimone 0-0: Ball
1-0: Ball
2-0: Called Strike
2-1: Swinging Strike
2-2: Strikes out looking
Batting: RHB Michael Aiken 0-0: Ball
1-0: Ball
2-0: Ball
3-0: Base on Balls
Batting: LHB Trent West 0-0: Foul Ball, location: 2F
0-1: Foul Ball, location: 2F
0-2: Foul Ball, location: 2F
Pickoff Throw to First - Error! E1
Michael Aiken to second
0-2: Ball
1-2: Ball
2-2: Strikes out looking
Batting: LHB Evan Turner 0-0: Called Strike
0-1: Called Strike
0-2: Ball
1-2: Strikes out looking
Bottom of the 1st over - 0 runs, 0 hits, 1 error, 1 left on base; Dallas 0 - Carolina 0
TOP OF THE 2ND
Dallas Drillers batting - Pitching for Carolina Tobs : LHP Chase Vaughan
Batting: RHB Latif Won 0-0: Foul Ball, location: 2F
0-1: Ball
1-1: Fly out, F8 (Flyball, 8LD, EV 100.6 MPH)
Batting: RHB Pat Trumbo 0-0: Ball
1-0: Foul Ball, location: 2F
1-1: Ball
2-1: Foul Ball, location: 2F
2-2: Strikes out swinging
Batting: RHB Jehvon Curry 0-0: Foul Ball, location: 2F
0-1: Ball
1-1: Foul Ball, location: 2F
1-2: Ball
2-2: Ball
3-2: Strikes out looking
Top of the 2nd over - 0 runs, 0 hits, 0 errors, 0 left on base; Dallas 0 - Carolina 0
BOTTOM OF THE 2ND
Carolina Tobs batting - Pitching for Dallas Drillers : LHP Brendan Allison
Batting: RHB Rykeem Potts 0-0: Called Strike
0-1: Foul Ball, location: 2F
0-2: Foul Ball, location: 2F
0-2: Ball
1-2: Fly out, F7 (Flyball, 78M, EV 86.9 MPH)
Batting: LHB Kyle Siebert 0-0: Foul Ball, location: 2F
0-1: Ball
1-1: Ground out 4-3 (Groundball, 4, EV 101.9 MPH)
Batting: RHB Casey Suggs 0-0: Called Strike
0-1: Ball
1-1: Ball
2-1: Fly out, F7 (Flyball, 78S, EV 86.9 MPH)
Bottom of the 2nd over - 0 runs, 0 hits, 0 errors, 0 left on base; Dallas 0 - Carolina 0
TOP OF THE 3RD
Dallas Drillers batting - Pitching for Carolina Tobs : LHP Chase Vaughan
Batting: RHB Sean Kovacevic 0-0: Called Strike
0-1: Fly out, F9 (Flyball, 9S, EV 85.0 MPH)
Batting: LHB Raymond Crisp 0-0: Ball
1-0: Foul Ball, location: 2F
1-1: Ball
2-1: Ground out U3 (Groundball, 3L, EV 80.0 MPH)
Batting: RHB Maurice Johnson 0-0: Foul Ball, location: 2F
0-1: Foul Ball, location: 2F
0-2: Ball
1-2: Strikes out swinging
Top of the 3rd over - 0 runs, 0 hits, 0 errors, 0 left on base; Dallas 0 - Carolina 0
BOTTOM OF THE 3RD
Carolina Tobs batting - Pitching for Dallas Drillers : LHP Brendan Allison
Batting: SHB Sean Benjamin 0-0: Called Strike
0-1: Swinging Strike
0-2: Ball
1-2: Foul Ball, location: 2F
1-2: Ball
2-2: Ball
3-2: Base on Balls
Batting: LHB L.G. Clia 0-0: Ball
1-0: Ball
2-0: DOUBLE (Line Drive, 7LM, EV 109.4 MPH)
Sean Benjamin to third
Batting: LHB Spencer DeSimone 0-0: Foul Ball, location: 2F
0-1: Foul Ball, location: 2F
0-2: Ball
1-2: Foul Ball, location: 2F
1-2: Ball
2-2: Ball
3-2: Fly out, F4 (Popup, 4, EV 50.0 MPH)
Batting: RHB Michael Aiken 0-0: Ball
1-0: Foul Ball, location: 2F
1-1: Fly out, F8 (Flyball, 78S, EV 83.1 MPH)
Batting: LHB Trent West 0-0: Foul Ball, location: 2F
0-1: Foul Ball, location: 2F
0-2: Ball
1-2: SINGLE (Line Drive, 4MD, EV 96.2 MPH)
Sean Benjamin scores
L.G. Clia to third
Runner from 3rd tries for Home, SAFE, throw by CF to home
Batting: LHB Evan Turner 0-0: Ball
1-0: SINGLE (Line Drive, 78S, EV 106.9 MPH)
Trent West to second
Batting: RHB Rykeem Potts 0-0: Called Strike
0-1: Swinging Strike
0-2: Ball
1-2: Strikes out swinging
Bottom of the 3rd over - 2 runs, 3 hits, 0 errors, 2 left on base; Dallas 0 - Carolina 2
TOP OF THE 4TH
Dallas Drillers batting - Pitching for Carolina Tobs : LHP Chase Vaughan
Batting: RHB Aubrey Albano 0-0: Ground out 6-3 (Groundball, 6S, EV 90.6 MPH)
Batting: RHB Ja'Quan McLaren 0-0: Foul Ball, location: 2F
0-1: Ball
1-1: Foul Ball, location: 2F
1-2: Ball
2-2: Fly out, F7 (Line Drive, 7, EV 86.9 MPH)
Batting: RHB Julian Irwin 0-0: Ball
1-0: Ball
2-0: Ball
3-0: Base on Balls
Batting: RHB Latif Won 0-0: Ball
1-0: Ball
2-0: Foul Ball, location: 2F
2-1: Ball
3-1: Swinging Strike
3-2: Ground out 6-3 (Groundball, 6, EV 85.6 MPH)
Top of the 4th over - 0 runs, 0 hits, 0 errors, 1 left on base; Dallas 0 - Carolina 2
BOTTOM OF THE 4TH
Carolina Tobs batting - Pitching for Dallas Drillers : LHP Brendan Allison
Batting: LHB Kyle Siebert 0-0: Fly out, F8 (Line Drive, 8LD, EV 85.6 MPH)
Batting: RHB Casey Suggs 0-0: Ball
1-0: Ball
2-0: Called Strike
2-1: Foul Ball, location: 2F
2-2: SOLO HOME RUN (Flyball, 7LD, EV 97.5 MPH), Distance : 354 ft
Batting: SHB Sean Benjamin 0-0: Ball
1-0: Foul Ball, location: 2F
1-1: Ball
2-1: SINGLE (Groundball, 56D, EV 105.6 MPH)
Batting: LHB L.G. Clia 0-0: DOUBLE (Line Drive, 7LD, EV 106.9 MPH)
Sean Benjamin to third
Runner from 3rd tries for Home, SAFE, throw by LF to home
Batting: LHB Spencer DeSimone 0-0: Fly out, F9 (Flyball, 9D, EV 105.6 MPH)
Runner from 2nd tags up, SAFE at 3rd, no throw by RF
Batting: RHB Michael Aiken 0-0: Swinging Strike
0-1: Ball
1-1: Ball
2-1: Ball
3-1: Called Strike
3-2: Base on Balls
Batting: LHB Trent West 0-0: Ground out 3-1 (Groundball, 34, EV 104.4 MPH)
Bottom of the 4th over - 2 runs, 3 hits, 0 errors, 2 left on base; Dallas 0 - Carolina 4
TOP OF THE 5TH
Dallas Drillers batting - Pitching for Carolina Tobs : LHP Chase Vaughan
Batting: RHB Pat Trumbo 0-0: Swinging Strike
0-1: Ground out 5-3 (Groundball, 5L, EV 79.4 MPH)
Batting: RHB Jehvon Curry 0-0: Ball
1-0: Called Strike
1-1: SINGLE (Line Drive, 34D, EV 95.6 MPH)
Batting: RHB Sean Kovacevic 0-0: Ball
1-0: Ball
2-0: Ball
3-0: Called Strike
3-1: Called Strike
3-2: Foul Ball, location: 2F
3-2: Strikes out swinging
Batting: LHB Raymond Crisp 0-0: Fly out, F8 (Flyball, 8RM, EV 94.4 MPH)
Top of the 5th over - 0 runs, 1 hit, 0 errors, 1 left on base; Dallas 0 - Carolina 4
BOTTOM OF THE 5TH
Carolina Tobs batting - Pitching for Dallas Drillers : LHP Brendan Allison
Batting: LHB Evan Turner 0-0: Ball
1-0: Ball
2-0: Called Strike
2-1: Foul Ball, location: 2F
2-2: Strikes out swinging
Batting: RHB Rykeem Potts 0-0: Ground out 5-3 (Groundball, 56D, EV 86.2 MPH)
Batting: LHB Kyle Siebert 0-0: Called Strike
0-1: Foul Ball, location: 2F
0-2: Ground out 4-3 (Groundball, 34D, EV 106.2 MPH)
Bottom of the 5th over - 0 runs, 0 hits, 0 errors, 0 left on base; Dallas 0 - Carolina 4
TOP OF THE 6TH
Dallas Drillers batting - Pitching for Carolina Tobs : LHP Chase Vaughan
Batting: RHB Maurice Johnson 0-0: Called Strike
0-1: Ball
1-1: Called Strike
1-2: Ball
2-2: DOUBLE (Line Drive, 78D, EV 105.0 MPH)
Batting: RHB Aubrey Albano 0-0: Called Strike
0-1: Called Strike
0-2: Ground out 5-3 (Groundball, 56S, EV 75.6 MPH)
Maurice Johnson to third
Batting: RHB Ja'Quan McLaren 0-0: Called Strike
0-1: Ball
1-1: Ball
2-1: Foul Ball, location: 2F
2-2: Strikes out swinging
Batting: RHB Julian Irwin 0-0: Swinging Strike
0-1: Ball
1-1: Ball
2-1: Swinging Strike
2-2: Strikes out swinging
Top of the 6th over - 0 runs, 1 hit, 0 errors, 1 left on base; Dallas 0 - Carolina 4
BOTTOM OF THE 6TH
Carolina Tobs batting - Pitching for Dallas Drillers : LHP Brendan Allison
Batting: RHB Casey Suggs 0-0: Called Strike
0-1: Foul Ball, location: 2F
0-2: Ball
1-2: Strikes out swinging
Pitching: RHP Calvin Navratil
Batting: SHB Sean Benjamin 0-0: Ball
1-0: Ball
2-0: Ball
3-0: Base on Balls
Batting: LHB L.G. Clia 0-0: Grounds into double play, 3-6-3 (Groundball, 3D, EV 100.6 MPH)
Bottom of the 6th over - 0 runs, 0 hits, 0 errors, 0 left on base; Dallas 0 - Carolina 4
TOP OF THE 7TH
Dallas Drillers batting - Pitching for Carolina Tobs : LHP Chase Vaughan
Batting: RHB Latif Won 0-0: Ball
1-0: Fly out, F7 (Flyball, 7S, EV 87.5 MPH)
Batting: RHB Pat Trumbo 0-0: Ground out 1-3 (Groundball, 34S, EV 76.2 MPH)
Batting: RHB Jehvon Curry 0-0: Ball
1-0: Ball
2-0: Called Strike
2-1: Foul Ball, location: 2F
2-2: Fly out, F9 (Flyball, 9LD, EV 86.9 MPH)
Top of the 7th over - 0 runs, 0 hits, 0 errors, 0 left on base; Dallas 0 - Carolina 4
BOTTOM OF THE 7TH
Carolina Tobs batting - Pitching for Dallas Drillers : RHP Calvin Navratil
Batting: LHB Spencer DeSimone 0-0: Ball
1-0: Swinging Strike
1-1: Ball
2-1: Ground out 4-3 (Groundball, 4, EV 81.9 MPH)
Batting: RHB Michael Aiken 0-0: Ball
1-0: Called Strike
1-1: DOUBLE (Line Drive, 7LD, EV 109.4 MPH)
Pitching: RHP Remi Daniel
Batting: LHB Trent West 0-0: Ball
1-0: Called Strike
1-1: Foul Ball, location: 2F
1-2: Ball
2-2: Ball
3-2: Foul Ball, location: 2F
3-2: Fly out, F6 (Popup, 4M, EV 78.1 MPH)
Batting: LHB Evan Turner 0-0: DOUBLE (Line Drive, 7LM, EV 95.0 MPH)
Michael Aiken scores
Batting: RHB Rykeem Potts 0-0: Ground out 1-3 (Groundball, 13S, EV 68.1 MPH)
Bottom of the 7th over - 1 run, 2 hits, 0 errors, 1 left on base; Dallas 0 - Carolina 5
TOP OF THE 8TH
Dallas Drillers batting - Pitching for Carolina Tobs : LHP Chase Vaughan
Batting: RHB Sean Kovacevic 0-0: Called Strike
0-1: Ball
1-1: Ball
2-1: SINGLE (Groundball, 6D, EV 98.8 MPH)
Batting: LHB Raymond Crisp 0-0: Ball
1-0: Hit by Pitch
Sean Kovacevic to second
Batting: RHB Maurice Johnson 0-0: Called Strike
0-1: Swinging Strike
0-2: Strikes out swinging
Pitching: RHP Lyman Zarate
Pinch Hitting: LHB Ed Baker 0-0: Ball
1-0: Ball
2-0: Ball
3-0: Called Strike
3-1: Foul Ball, location: 2F
3-2: Foul Ball, location: 2F
3-2: Strikes out swinging
Batting: LHB Lukas Hart 0-0: Called Strike
0-1: SINGLE (Groundball, 56D, EV 102.5 MPH)
Sean Kovacevic to third
Raymond Crisp to second
Runner from 3rd tries for Home, SAFE, throw by LF to home
Batting: RHB Julian Irwin 0-0: Ball
1-0: Swinging Strike
1-1: Called Strike
1-2: Ball
2-2: SINGLE (Flyball, 9LS, EV 96.2 MPH)
Raymond Crisp to third
Lukas Hart to second
Runner from 3rd tries for Home, SAFE, throw by RF to home
Batting: RHB Latif Won 0-0: Foul Ball, location: 2F
0-1: Fly out, F8 (Flyball, 78M, EV 76.9 MPH)
Top of the 8th over - 2 runs, 3 hits, 0 errors, 2 left on base; Dallas 2 - Carolina 5
BOTTOM OF THE 8TH
Carolina Tobs batting - Pitching for Dallas Drillers : RHP Remi Daniel
Pitching: RHP Cullen Lanzetta
Now at 2B: Jehvon Curry
Now in LF: Ed Baker
Batting: LHB Kyle Siebert 0-0: Foul Ball, location: 2F
0-1: Ball
1-1: Called Strike
1-2: Ground out 5-3 (Groundball, 56S, EV 64.4 MPH)
Batting: RHB Casey Suggs 0-0: Ball
1-0: Ball
2-0: Foul Ball, location: 2F
2-1: Foul Ball, location: 2F
2-2: Strikes out looking
Batting: SHB Sean Benjamin 0-0: Ball
1-0: Called Strike
1-1: Ball
2-1: Swinging Strike
2-2: Ball
3-2: Strikes out swinging
Bottom of the 8th over - 0 runs, 0 hits, 0 errors, 0 left on base; Dallas 2 - Carolina 5
TOP OF THE 9TH
Dallas Drillers batting - Pitching for Carolina Tobs : RHP Lyman Zarate
Pitching: RHP Joe Hodo
Batting: RHB Pat Trumbo 0-0: Ball
1-0: Called Strike
1-1: Foul Ball, location: 2F
1-2: Foul Ball, location: 2F
1-2: Strikes out swinging
Batting: RHB Jehvon Curry 0-0: Called Strike
0-1: Foul Ball, location: 2F
0-2: Strikes out swinging
Batting: RHB Sean Kovacevic 0-0: Called Strike
0-1: Foul Ball, location: 2F
0-2: Ball
1-2: Ball
2-2: Foul Ball, location: 2F
2-2: Foul Ball, location: 2F
2-2: Strikes out looking
Top of the 9th over - 0 runs, 0 hits, 0 errors, 0 left on base; Dallas 2 - Carolina 5
Monday, April 29th , 2024 - OOTP Baseball 23.10 Build 110